 Dungeon Crawl Stone Soup version 0.17-a0-2093-gc772f4b (webtiles) character file.

217 Ordine the Cudgeler (level 5, 0/67 HPs)
             Began as a Minotaur Berserker on Oct 16, 2015.
             Was a Believer of Trog.
             Slain by Pikel
             ... wielding a +0 whip of flaming
              (2 damage)
             ... on level 4 of the Dungeon.
             The game lasted 00:08:23 (3456 turns).

Ordine the Cudgeler (Minotaur Berserker)            Turns: 3456, Time: 00:08:24

Health: 0/67       AC:  8    Str: 28    XL:     5   Next: 61%
Magic:  4/4        EV: 12    Int:  4    God:    Trog [**....]
Gold:   248        SH:  0    Dex:  9    Spells: 0 memorised, 4 levels left

rFire  . . .     SeeInvis .     n - +1 mace (protect)
rCold  . . .     Clarity  .     b - +0 animal skin
rNeg   . . .     SustAt   .     (no shield)
rPois  .         Gourm    .     (helmet restricted)
rElec  .         Spirit   .     o - +0 cloak (curse)
rCorr  .         Warding  .     (no gloves)
rMut   .         Stasis   .     (no boots)
MR     .....                    (no amulet)
Stlth  ..........               (no ring)
                                (no ring)

@: berserking, very slightly contaminated, invisible, very quick, not resistant
to hostile enchantments, extremely unstealthy
A: retaliatory headbutt, horns 2
a: Burn Spellbooks, Berserk, Trog's Hand, Renounce Religion


You were on level 4 of the Dungeon.
You worshipped Trog.
Trog was pleased with you.
You were hungry.

You visited 1 branch of the dungeon, and saw 4 of its levels.

You collected 248 gold pieces.

Inventory:

Hand Weapons
 n - a +1 mace of protection (weapon)
Armour
 b - a +0 animal skin (worn)
 g - a +0 ice dragon armour
 m - a +0 shield
 o - a cursed +0 cloak (worn)
Scrolls
 e - 2 scrolls of fog
 j - a scroll of blinking
Potions
 d - 2 potions of curing
 l - 2 potions of might {unknown}
Comestibles
 a - 2 chunks of flesh
 c - a bread ration
 f - 3 meat rations
 i - 2 beef jerkies
 k - 3 fruits


   Skills:
 - Level 3.6 Fighting
 + Level 7.7 Maces & Flails
 - Level 2.4 Armour
 - Level 2.1 Dodging


You had 4 spell levels left.
You didn't know any spells.

Dungeon Overview and Level Annotations

Branches:
Dungeon (4/15)
 Temple: D:4-7

Altars:
Gozag

Annotations:
D:4 Pikel


Innate Abilities, Weirdness & Mutations

You reflexively headbutt those who attack you in melee.
You have a pair of horns on your head.


Message History

That felt strangely unrewarding.
You miss Pikel. You headbutt Pikel.
Pikel is almost dead.
The slave hits you.
* * * LOW HITPOINT WARNING * * *
The slave hits you.
* * * LOW HITPOINT WARNING * * *
An orc comes into view.
You miss Pikel.
Pikel is almost dead.
The orc shouts!
Pikel hits you but does no damage. The slave closely misses you.
Unknown command.
You barely miss Pikel. You headbutt Pikel.
Pikel is almost dead.
The slave barely misses you. You furiously retaliate!
You headbutt the slave! Pikel hits you with a whip of flaming!
* * * LOW HITPOINT WARNING * * *
Pikel burns you.
You die...

#.< ####..o..
#@pp...#
......pK####.#
.#####...
..$.. ..#.###
####.# #.# ..#


You could see Pikel, 3 slaves and an orc (wandering).

Vanquished Creatures
  A slave (D:4)
  An ice beast (D:2)
  Ijyb (D:3)
  Robin (D:3)
  3 adders
  4 worms (D:2)
  2 orcs (D:3)
  5 giant cockroaches
  9 hobgoblins
  8 bats
  2 giant newts (D:1)
  10 goblins
  7 kobolds
  A quokka (D:2)
  8 rats
63 creatures vanquished.

Notes
Turn   | Place    | Note
--------------------------------------------------------------
     0 | D:1      | Ordine the Minotaur Berserker began the quest for the Orb.
     0 | D:1      | Reached XP level 1. HP: 19/19 MP: 0/0
   298 | D:1      | Reached skill level 4 in Maces & Flails
   591 | D:1      | Reached XP level 2. HP: 20/26 MP: 1/1
  1082 | D:2      | Reached skill level 5 in Maces & Flails
  1082 | D:2      | Reached ** piety under Trog
  1082 | D:2      | Reached XP level 3. HP: 13/31 MP: 2/2
  2718 | D:2      | Noticed an ice beast
  2721 | D:2      | Killed an ice beast
  2721 | D:2      | Reached skill level 7 in Maces & Flails
  2721 | D:2      | Reached XP level 4. HP: 39/39 MP: 3/3
  2721 | D:2      | Reached XP level 5. HP: 45/45 MP: 4/4
  2963 | D:3      | Noticed Robin
  2972 | D:3      | Killed Robin
  3102 | D:3      | Noticed Ijyb
  3129 | D:3      | Killed Ijyb
  3404 | D:3      | Found an opulent altar of Gozag.
  3434 | D:4      | Noticed Pikel
  3434 | D:4      | Noticed a slave
  3434 | D:4      | Noticed a slave
  3434 | D:4      | Noticed a slave
  3441 | D:4      | Noticed a slave
  3453 | D:4      | Killed a slave
  3456 | D:4      | HP: 2/67 [Pikel/whip of flaming (10)]
  3456 | D:4      | Slain by Pikel

Vault maps used:
D:1:      sevenhm_arrival_forest_fort_small_4
D:2:      grunt_decor_resistance
D:3:      lemuel_coloured_pillars_altar, uniq_robin, uniq_iyjb
D:4:      nicolae_ru_the_path_less_chosen, minmay_overflow_temple_star_quad,
          uniq_pikel

Action                   |  1- 3 |  4- 6 || total
-------------------------+-------+-------++-------
Melee: Mace              |    88 |    67 ||   155
Invok: Berserk           |     1 |     2 ||     3
       Trog's Hand       |       |     1 ||     1
  Use: Scroll            |     4 |     5 ||     9
       Potion            |       |     1 ||     1
 Stab: Sleeping          |     2 |       ||     2
       Invisible         |       |     1 ||     1
  Eat: Chunk             |     5 |     4 ||     9
       Fruit             |       |     1 ||     1
